 Dungeon Crawl Stone Soup version 0.29-a0-369-gd956c00756 (webtiles) character file.

Game seed: 17272021032905929865

197960 sokol815 the Warmonger (level 18, -3/151 HPs)
             Began as a Merfolk Fighter on Apr 30, 2022.
             Was a High Priest of Okawaru.
             Splashed by a goliath frog's acid (7 damage)
             ... on level 2 of the Swamp on May 1, 2022.
             The game lasted 02:26:54 (39237 turns).

sokol815 the Warmonger (Merfolk Fighter)           Turns: 39237, Time: 02:26:55

Health: -3/151     AC: 10    Str: 10 (20) XL:     18   Next: 42%
Magic:  0/30       EV: 13    Int:  6 (7)  God:    Okawaru [*****.]
Gold:   3620       SH: 17    Dex:  9 (18) Spells: 17/17 levels left

rFire   + . .      SeeInvis .   a - +3 demon trident (elec)
rCold   + + .      Faith    .   F - +1 tower shield {rC+ rF+}
rNeg    + . .      Spirit   +   C - +1 troll leather armour
rPois   +          Reflect  .   V - +0 helmet of Okawaru's Favour {rElec rC+ Str-4 Stlth+}
rElec   +          Harm     .   Z - scarf {repulsion}
rCorr   .          Rampage  .   i - +0 pair of gloves "Fiwyqit" {-Cast rN+ Str+4}
Will    +....      NoCast   +   w - +0 pair of boots
Stlth   ++++......              e - amulet of guardian spirit
HPRegen 1.15/turn               v - +4 ring of protection
MPRegen 0.22/turn               P - ring of poison resistance {rPois, !d}

@: lethally poisoned (-3 -> -11), finesse-ful, corroded, repel missiles
A: (nimble swimmer 2), mertail
}: 1/15 runes: gossamer
a: Renounce Religion, Heroism, Finesse, Duel


You were on level 2 of the Swamp.
You worshipped Okawaru.
Okawaru was extremely pleased with you.
You visited 7 branches of the dungeon, and saw 31 of its levels.
You also visited: Trove and Sewer.

You collected 3848 gold pieces.
You spent 228 gold pieces at shops.

Inventory:

Hand Weapons
 a - a +3 demon trident of electrocution (weapon)
   (You found it in a treasure trove)
 b - a +3 demon trident of venom
   (You found it in a treasure trove)
 c - a +3 demon trident of draining
   (You found it in a treasure trove)
 k - the +9 fustibalus "Omafeak" {flame, rPois Dex+3}
   (Okawaru gifted it to you on level 10 of the Dungeon)

   Any ammunition fired from it burns those it strikes, dealing additional fire
   damage.
   Dex:       It affects your dexterity (+3).
   rPois:     It protects you from poison.
 D - the +7 spear "Zisk" {freeze, Str+4 SInv}
   (You found it in a treasure trove)

   It freezes those it strikes, dealing additional cold damage.
   It can also slow down cold-blooded creatures.
   Str:       It affects your strength (+4).
   SInv:      It lets you see invisible.
Missiles
 s - 6 silver javelins
 t - 7 javelins
 z - 5 throwing nets {!d}
 Q - 22 boomerangs
Armour
 f - the +6 tower shield of Disaster {Harm *Slow rN+ Regen+}
   (Okawaru gifted it to you on level 2 of the Swamp)

   rN:        It protects you from negative energy.
   Regen:     It increases your rate of health regeneration.
   *Slow:     It may slow you when you take damage.
   Harm:      It increases damage dealt and taken.
 i - the +0 pair of gloves "Fiwyqit" (worn) {-Cast rN+ Str+4}
   (You took it off Nikola on level 3 of the Spider Nest)

   Str:       It affects your strength (+4).
   rN:        It protects you from negative energy.
   -Cast:     It prevents spellcasting.
 j - the +0 leather armour of Redyj {Will++ Str-3 Int+10 Dex-4}
   (You took it off a gnoll shaman on level 3 of the Dungeon)

   Str:       It affects your strength (-3).
   Int:       It affects your intelligence (+10).
   Dex:       It affects your dexterity (-4).
   Will:      It greatly increases your willpower.
 n - a +2 pair of gloves of strength
   (You found it on level 7 of the Dungeon)
 o - a +1 kite shield of reflection
   (You took it off Donald on level 1 of the Spider Nest)
 w - a +0 pair of boots (worn)
   (You found it on level 1 of the Dungeon)
 C - a +1 troll leather armour (worn)
   (You found it on level 9 of the Dungeon)
 F - a +1 tower shield of resistance (worn)
   (Okawaru gifted it to you on level 3 of the Spider Nest)
 V - the +0 helmet of Okawaru's Favour (worn) {rElec rC+ Str-4 Stlth+}
   (Okawaru gifted it to you on level 4 of the Lair of Beasts)

   Str:       It affects your strength (-4).
   rC:        It protects you from cold.
   rElec:     It insulates you from electricity.
   Stlth:     It makes you more stealthy.
 Z - a scarf of repulsion (worn)
   (You found it on level 4 of the Spider Nest)
Jewellery
 e - an amulet of guardian spirit (around neck)
   (You found it on level 1 of the Swamp)
 m - a ring of positive energy {rN+}
   (You found it on level 11 of the Dungeon)
 v - a +4 ring of protection (left hand)
   (You found it on level 6 of the Lair of Beasts)
 A - a ring of protection from fire {rF+, !d}
   (You found it on level 3 of the Dungeon)
 M - a ring of resist corrosion
   (You found it on level 1 of the Dungeon)
 P - a ring of poison resistance (right hand) {rPois, !d}
   (You took it off a centaur on level 9 of the Dungeon)
Wands
 d - a wand of digging (16)
   (You found it on level 3 of the Lair of Beasts)
 h - a wand of acid (10)
   (You found it in a sewer)
 p - a wand of paralysis (11)
   (You found it on level 8 of the Dungeon)
 q - a wand of flame (47)
   (You found it in a sewer)
Scrolls
 x - 17 scrolls of identify {@r1}
 y - a scroll of brand weapon
 E - a scroll of fear
 K - 4 scrolls of immolation {!r}
 O - a scroll of silence
 S - 3 scrolls of amnesia
 W - a scroll of holy word {!r}
 X - a scroll of magic mapping {@r4!r}
 Y - 9 scrolls of teleportation {@r3}
Potions
 r - a potion of cancellation
 u - 4 potions of attraction {!q}
 B - 7 potions of brilliance
 G - 3 potions of ambrosia {!q}
 H - a potion of haste
 I - 2 potions of invisibility
 J - 13 potions of curing {@q1}
 L - 5 potions of flight
 N - 6 potions of heal wounds {@q2}
 R - 2 potions of resistance
 T - 2 potions of berserk rage {!q}
 U - 11 potions of mutation {!q}
Miscellaneous
 g - a tin of tremorstones (2/2)
   (You found it on level 12 of the Dungeon)
 l - a condenser vane
   (You found it on level 6 of the Lair of Beasts)


   Skills:
 + Level 16.0 Fighting
 - Level 16.1 Polearms
 - Level 8.0 Armour
 - Level 14.4 Dodging
 + Level 8.9 Stealth
 * Level 13.4 Shields
 - Level 16.4 Invocations
 - Level 10.0 Evocations


You had 17 spell levels left.
You didn't know any spells.
Your spell library contained the following spells:

 Spells                   Type           Power      Damage    Failure   Level
 Apportation              Tloc           0%         N/A       95%         1
 Foxfire                  Conj/Fire      0%         2x1d4     95%         1
 Magic Dart               Conj           0%         1d3       95%         1
 Pain                     Necr           0%         1d4       95%         1
 Sting                    Tmut/Pois      0%         1d3       95%         1
 Poisonous Vapours        Pois/Air       0%         N/A       99%         2
 Scorch                   Fire           0%         2d5       99%         2
 Sublimation of Blood     Necr           0%         N/A       99%         2
 Wereblood                Tmut           0%         N/A       99%         2
 Conjure Flame            Conj/Fire      0%         6-21      100%        3
 Gell's Gravitas          Tloc           0%         N/A       100%        3
 Inner Flame              Hex/Fire       0%         N/A       100%        3
 Lesser Beckoning         Tloc           0%         N/A       100%        3
 Mephitic Cloud           Conj/Pois/Air  0%         N/A       100%        3
 Stone Arrow              Conj/Erth      0%         3d7       100%        3
 Teleport Other           Tloc           0%         N/A       100%        3
 Vampiric Draining        Necr           0%         2d6       100%        3
 Airstrike                Air            0%         N/A       100%        4
 Flame Wave               Conj/Fire      0%         2d4       100%        4
 Fulminant Prism          Conj/Hex       0%         3d6       100%        4
 Iskenderun's Mystic Bla  Conj/Tloc      0%         2d3       100%        4
 Olgreb's Toxic Radiance  Pois           0%         N/A       100%        4
 Passage of Golubria      Tloc           0%         N/A       100%        4
 Petrify                  Tmut/Erth      0%         N/A       100%        4
 Alistair's Intoxication  Tmut/Pois      0%         N/A       100%        5
 Borgnjor's Vile Clutch   Necr/Erth      0%         N/A       100%        5
 Irradiate                Conj/Tmut      0%         3d13      100%        5
 Lee's Rapid Deconstruct  Erth           0%         3d5*      100%        5
 Lightning Bolt           Conj/Air       0%         1d11      100%        5
 Metabolic Englaciation   Hex/Ice        0%         N/A       100%        5
 Silence                  Hex/Air        0%         N/A       100%        5
 Statue Form              Tmut/Erth      0%         N/A       100%        6
 Storm Form               Tmut/Air       0%         N/A       100%        7
 Lehudib's Crystal Spear  Conj/Erth      0%         10d2      100%        8
 Maxwell's Capacitive Co  Air            0%         ∞         100%        8
 Chain Lightning          Conj/Air       0%         N/A       100%        9
 Fire Storm               Conj/Fire      0%         5d1       100%        9
 Shatter                  Erth           0%         3d5*      100%        9
 Animate Skeleton         Necr           Unusable   N/A       N/A         1
 Call Imp                 Summ           Unusable   N/A       N/A         2
 Animate Armour           Summ/Erth      Unusable   N/A       N/A         4
 Animate Dead             Necr           Unusable   N/A       N/A         4
 Summon Lightning Spire   Summ/Air       Unusable   N/A       N/A         4
 Death Channel            Necr           Unusable   N/A       N/A         6
 Summon Cactus Giant      Summ           Unusable   N/A       N/A         6
 Summon Hydra             Summ           Unusable   N/A       N/A         7

Dungeon Overview and Level Annotations

Branches:
Dungeon (15/15)            Temple (1/1) D:4            Lair (6/6) D:9
  Swamp (2/4) Lair:3       Spider (4/4) Lair:2        Slime (0/5) Lair:6
    Orc (2/2) D:11            Elf (1/3) Orc:2        Vaults (0/5) D:13
 Depths (0/4) D:15          Sewer (visited)

Altars:
Ashenzari
Cheibriados
Dithmenos
Elyvilon
Fedhas
Gozag
Kikubaaqudgha
Makhleb
Nemelex Xobeh
Okawaru
Qazlal
Ru
Sif Muna
Trog
Uskayaw
Vehumet
Wu Jian
Xom
Yredelemnul
Zin
The Shining One
Lugonu

Shops:
D:5 *   D:6 [   D:11 *?*   Orc:2 *(:((

Portals:
Abyss: Lair:6

Annotations:
D:14 Rupert
Swamp:1 Roxanne
Swamp:2 Aizul, Louise


Innate Abilities, Weirdness & Mutations

((You are very nimble when in or above water. (Stealth+, EV+, Speed+++)))
Your lower body shifts to a powerful aquatic tail in water.


Message History

You puncture the alligator! You hit the alligator.
The briar patch crumbles away. x2
The eleionoma hits you. You block Aizul's attack.
You block the alligator's attack. x2
You take 2 damage, and have 100/151 hp.
You puncture the alligator!
You kill the alligator!
Okawaru accepts your kill. You block the goliath frog's attack.
You miss Aizul.
Aizul coils herself and waves her upper body at you.
You block the poison arrow.
You barely miss Aizul.
The briar patch crumbles away.
The eleionoma closely misses you.
You puncture Aizul! You block the goliath frog's attack.
Aizul completely misses you.
You puncture Aizul! You block the goliath frog's attack.
You puncture Aizul!
The briar patch crumbles away.
The goliath frog hits you from afar!
You are splashed with acid!
You block the eleionoma's attack. You block Aizul's attack.
You take 16 damage, and have 86/151 hp.
You now have 14/30 mp.
You hit Aizul but do no damage. Lightning courses through Aizul!
You block the goliath frog's attack.
Aim: an eleionoma
Okay, then.
Unknown command.
You hit Aizul but do no damage. You block Aizul's attack.
You block the eleionoma's attack. You block the goliath frog's attack.
You barely miss Aizul.
The briar patch crumbles away.
You barely miss Aizul. Aizul casts a spell at you. The bolt of poison hits you!
You resist. You block the goliath frog's attack.
You take 8 damage, and have 79/151 hp.
You now have 12/30 mp.
You miss Aizul. You block the goliath frog's attack.
You block the eleionoma's attack. Aizul hits you.
You take 5 damage, and have 74/151 hp.
You now have 11/30 mp.
Aim: a goliath frog (thin mist, chance to affect: 37%)
Okay, then.
Unknown command.
The briar patch crumbles away.
You block Aizul's attack. You block the eleionoma's attack.
The briar patch crumbles away.
The goliath frog misses you.
The eleionoma hits you but does no damage.
The goliath frog misses you.
Aizul coils herself and waves her upper body at you.
You struggle to resist.
You regained 2 hp, and now have 77/151 hp.
Aizul attacks as you move away! Aizul hits you!
The briar patch crumbles away. x2
Aizul casts a spell at you.
You struggle to resist.
You take 11 damage, and have 66/151 hp.
You now have 10/30 mp.
The briar patch crumbles away. x2
Aizul moans, "No job prospects!
Who wants sleepy Aizul to guard their treasure?"
Aizul hums a lullaby.
You block Aizul's attack. The eleionoma attacks as you move away!
You block the eleionoma's attack. Aizul hits you!
You take 13 damage, and have 57/151 hp.
You now have 9/30 mp.
Your legs become a tail as you enter the water.
Your +0 pair of boots melds into your body.
Aizul casts a spell at you. The bolt of poison hits you! You resist.
The goliath frog closely misses you.
You take 8 damage, and have 49/151 hp.
You now have 7/30 mp.
Your +0 pair of boots unmelds from your body.
The eleionoma hurls a spray of splinters at you.
The spray of wooden splinters hits you!!
* * * LOW HITPOINT WARNING * * *
You take 24 damage, and have 25/151 hp.
You now have 4/30 mp.
The eleionoma flows through the trees.
Your legs become a tail as you enter the water.
Your +0 pair of boots melds into your body.
Aizul coils herself and waves her upper body at you.
The bolt of poison hits you!
You are poisoned.
You resist.
* * * LOW HITPOINT WARNING * * *
You take 4 damage, and have 22/151 hp.
You now have 3/30 mp.
You feel very sick.
You take 3 damage, and have 19/151 hp.
You feel sick.
You take 1 damage, and have 18/151 hp.
You feel sick. Aizul casts a spell at you. The bolt of poison hits you.
You are more poisoned.
You resist.
* * * LOW HITPOINT WARNING * * *
You take 4 damage, and have 14/151 hp.
You now have 2/30 mp.
Your +0 pair of boots unmelds from your body.
You feel like a meek peon again.
* * * LOW HITPOINT WARNING * * *
You feel very sick.
There is a stone staircase leading up here.
You take 3 damage, and have 11/151 hp.
* * * LOW HITPOINT WARNING * * *
You feel very sick. You block the goliath frog's attack.
The goliath frog hits you from afar.
* * * LOW HITPOINT WARNING * * *
The acid corrodes you!
You are splashed with acid!
You die...

..≈≈≈.≈ ♣♣.≈§..≈ ♣♣
♣♣♣≈≈♣≈♣≈♣♣♣ ♣♣♣≈♣♣♣♣
♣≈?.≈.....≈♣♣♣♣♣♣......♣♣♣♣♣
♣≈.≈≈≈..≈≈≈.♣♣...≈≈≈≈≈≈.≈♣≈♣♣
♣≈.≈≈≈.§≈§≈.♣♣≈[≈≈≈≈≈≈≈≈.≈≈.≈
♣♣...≈≈≈≈≈≈.♣♣..≈§≈≈≈≈≈≈≈≈≈≈.
♣≈§≈.≈≈≈≈§§.≈..S≈≈≈≈≈≈§≈≈≈≈≈.
♣>≈≈§≈≈.≈≈..@.FR≈≈≈≈..≈≈.≈≈≈.
♣♣.≈≈†≈....♣≈≈F≈≈..≈..≈..≈≈≈$
♣.≈≈..≈..≈..§≈≈≈...≈≈...≈≈≈.
♣≈≈≈≈≈≈.§≈≈♣≈≈≈.§♣..≈.......
♣≈≈./.♣.§≈.♣...♣♣♣≈..≈...♣≈≈
..≈.≈♣♣.≈..♣..§≈≈≈...≈≈.♣≈.≈≈
≈≈≈≈. ≈≈.♣♣≈.≈≈≈..≈≈≈≈♣♣♣...≈
§≈≈≈....≈♣♣♣♣♣♣≈.≈§≈.♣♣ ♣♣.[.
♣........≈≈§≈♣♣♣♣≈≈≈♣♣ ♣≈††


You could see Aizul, an eleionoma and 2 goliath frogs.

Vanquished Creatures
  Bai Suzhen (Arena)
  Nikola (Spider:3)
  Jorgrun (Arena)
  Frances (Arena)
  A thorn hunter (Swamp:2)
  Agnes (D:14)
  Donald (Spider:1)
  10 emperor scorpions
  9 ghost moths
  4 broodmothers
  7 entropy weavers
  3 spark wasps
  A fire dragon (D:15)
  4 vault guards (D:13)
  Fannar (D:11)
  A catoblepas (D:11)
  An ice dragon (D:15)
  3 ogre magi
  13 boulder beetles
  A jorogumo (Spider:1)
  5 hydras
  A ghost crab (Swamp:1)
  4 alligators
  A radroach (Spider:4)
  5 two-headed ogres
  3 centaur warriors
  2 tengu warriors (D:13)
  2 thrashing horrors (Lair:6)
  7 death yaks
  Urug (D:10)
  6 orc high priests (Orc:2)
  A deep elf knight (Elf:1)
  8 skeletal warriors (D:14)
  7 pharaoh ants
  A goliath frog (Swamp:1)
  12 orb spiders
  3 deep elf archers
  2 swamp dragons (Swamp:1)
  6 steelbarb worms
  9 deep elf pyromancers
  2 orc knights
  3 ugly things
  7 deep elf zephyrmancers
  2 orc sorcerers
  20 wolf spiders
  3 cyclopes
  The ghost of sokol815 the Chopper, a novice OpFE of Gozag (D:6)
  A will-o-the-wisp (Lair:3)
  4 oklob plants
  6 slime creatures
  2 moths of wrath
  3 black mambas
  2 smoke demons
  8 elephants
  4 gargoyles
  4 kobold demonologists
  6 demonic crawlers
  6 torpor snails
  An unseen horror (D:10)
  15 cane toads
  12 komodo dragons
  2 rime drakes
  4 tengu conjurers
  An efreet (D:15)
  A freezing wraith (D:14)
  An ancient zyme (Lair:6)
  4 trolls
  2 polar bears (Lair:3)
  10 meliai
  A tyrant leech (Swamp:1)
  6 hornets
  25 blink frogs
  A polar bear (shapeshifter) (D:15)
  5 dream sheep (Lair:5)
  34 tarantellas
  22 culicivoras
  35 jumping spiders
  3 vampires
  A ynoxinul (Lair:6)
  A culicivora (shapeshifter) (Lair:6)
  5 spriggans
  4 shadows
  6 wyverns
  5 wraiths
  2 water elementals
  A human (shapeshifter) (Lair:6)
  4 steam dragons
  42 redbacks
  6 basilisks
  39 yaks
  6 vampire mosquitoes
  A chaos spawn (Lair:6)
  3 swamp worms
  4 wargs
  19 water moccasins
  27 orc warriors
  A floating eye (shapeshifter) (Lair:6)
  2 large abominations (Lair:6)
  Pargi (Sewer)
  A black bear (D:5)
  An ice beast (D:7)
  An ogre (shapeshifter) (D:13)
  A boggart (shapeshifter) (Lair:6)
  14 centaurs
  5 ogres
  5 wolves
  2 phantoms (D:5)
  11 small abominations (Lair:6)
  7 kobold brigands
  12 bullfrogs
  2 gnoll sergeants
  3 scorpions
  10 wights
  12 killer bees
  A vampire bat (Lair:1)
  7 howler monkeys
  8 electric eels
  2 jellies (D:7)
  29 orc priests
  2 gnoll shamans
  2 iguanas
  38 orc wizards
  24 gnolls
  11 adders
  A river rat (D:3)
  A white imp (D:4)
  6 ufetubi
  2 worms (D:3)
  5 dart slugs
  60 orcs
  7 ball pythons
  3 endoplasms
  7 giant cockroaches
  5 goblins
  4 hobgoblins
  2 jackals (D:2)
  4 quokkas
  9 bats
  7 frilled lizards
  26 kobolds
  8 rats
968 creatures vanquished.

Vanquished Creatures (others)
  A bloated husk (Swamp:2)
  2 orcs (D:6)
  29 fungi
  33 plants
65 creatures vanquished.

Grand Total: 1033 creatures vanquished

Notes
Turn   | Place    | Note
-------+----------+-------------------------------------------
     0 | D:1      | sokol815 the Merfolk Fighter began the quest for the Orb.
     0 | D:1      | Reached XP level 1. HP: 18/18 MP: 1/1
    67 | D:1      | Reached skill level 3 in Polearms
   230 | D:1      | Reached XP level 2. HP: 24/24 MP: 2/2
   361 | D:1      | Reached skill level 4 in Polearms
   479 | D:2      | Reached XP level 3. HP: 25/29 MP: 3/3
   574 | D:2      | Found a faded altar of an unknown god.
   882 | D:2      | Reached skill level 5 in Polearms
  1743 | D:3      | Reached XP level 4. HP: 31/35 MP: 4/4
  1810 | D:3      | Reached skill level 6 in Polearms
  1934 | D:3      | Reached XP level 5. HP: 32/41 MP: 5/5
  1955 | D:3      | Found a glowing drain.
  1968 | Sewer    | Entered a sewer
  2045 | Sewer    | Noticed Pargi
  2058 | Sewer    | Killed Pargi
  2059 | Sewer    | Reached skill level 8 in Polearms
  2059 | Sewer    | Reached XP level 6. HP: 22/47 MP: 6/6
  2337 | D:3      | Found a shimmering blue altar of Sif Muna.
  2776 | D:3      | Found an ornate altar of the Wu Jian Council.
  2865 | D:4      | Found a staircase to the Ecumenical Temple.
  2866 | D:4      | Identified the +0 leather armour of Redyj {Will++ Str-3
                  | Int+10 Dex-4}
  3295 | Temple   | Entered the Ecumenical Temple
  3352 | Temple   | Became a worshipper of Warmaster Okawaru
  3426 | D:4      | Found a broken altar of Ashenzari.
  3444 | D:4      | Reached skill level 9 in Polearms
  3538 | D:4      | Reached XP level 7. HP: 50/52 MP: 7/7
  3585 | D:4      | Reached skill level 10 in Polearms
  3592 | D:4      | Found a shimmering altar of Xom.
  4025 | D:5      | Entered Level 5 of the Dungeon
  4077 | D:5      | Reached * piety under Okawaru
  4078 | D:5      | Reached skill level 1 in Invocations
  4220 | D:5      | Reached skill level 2 in Invocations
  4325 | D:5      | Found Neghiule's Overcharged Wands.
  4689 | D:5      | Reached skill level 11 in Polearms
  4689 | D:5      | Reached skill level 3 in Invocations
  4689 | D:5      | Reached XP level 8. HP: 54/58 MP: 8/10
  4960 | D:5      | Reached skill level 4 in Invocations
  5329 | D:6      | Found a stormy altar of Qazlal.
  5386 | D:6      | Reached ** piety under Okawaru
  5387 | D:6      | Reached skill level 5 in Invocations
  5390 | D:6      | Reached skill level 12 in Polearms
  5396 | D:6      | Found Istruhaen's Antique Armour Shop.
  5397 | D:6      | HP: 14/58 [poisoned by a killer bee]
  5707 | D:6      | HP: 9/58 [steam dragon (9)]
  5717 | D:6      | HP: 2/58 [something/ball of steam (5)]
  6037 | D:6      | Found a transporter.
  6037 | D:6      | Noticed a brown ugly thing
  6038 | D:6      | Noticed sokol815's ghost (novice OpFE)
  6038 | D:6      | Noticed a boulder beetle
  6039 | D:6      | Found a transporter.
  6192 | D:6      | Found a glowing golden altar of the Shining One.
  6341 | D:6      | Reached skill level 6 in Invocations
  6341 | D:6      | Reached XP level 9. HP: 27/61 MP: 13/13
  6347 | D:6      | HP: 12/60 [wight/+0 battleaxe (11)]
  6697 | D:7      | Reached skill level 1 in Dodging
  7078 | D:7      | Reached skill level 2 in Dodging
  7433 | D:7      | Reached skill level 13 in Polearms
  7570 | D:7      | Reached skill level 3 in Dodging
  7613 | D:7      | Reached skill level 7 in Invocations
  7890 | D:7      | Reached skill level 4 in Dodging
  8126 | D:7      | Reached *** piety under Okawaru
  8379 | D:7      | Reached skill level 5 in Dodging
  8619 | D:8      | Reached skill level 8 in Invocations
  8668 | D:8      | Noticed a komodo dragon
  8679 | D:8      | Killed a komodo dragon
  8680 | D:8      | Reached skill level 14 in Polearms
  8680 | D:8      | Reached skill level 6 in Dodging
  8680 | D:8      | Reached XP level 10. HP: 50/70 MP: 16/16
  8880 | D:8      | Identified the +0 leather armour of Uheoc {Int+2}
  9048 | D:8      | Found an opulent altar of Gozag.
  9073 | D:8      | Noticed a two-headed ogre
  9081 | D:8      | Killed a two-headed ogre
  9082 | D:8      | Reached skill level 7 in Dodging
  9082 | D:8      | Reached skill level 9 in Invocations
  9639 | D:9      | Reached skill level 8 in Dodging
  9649 | D:9      | Reached **** piety under Okawaru
  9659 | D:9      | Reached skill level 10 in Invocations
  9912 | D:9      | Reached skill level 11 in Invocations
 10011 | D:9      | Reached XP level 11. HP: 57/75 MP: 19/19
 10027 | D:9      | Reached ***** piety under Okawaru
 10070 | D:9      | Reached skill level 12 in Invocations
 10172 | D:9      | Noticed a deep elf pyromancer
 10220 | D:9      | HP: 18/75 [fire elemental[a deep elf pyromancer] (1)]
 10228 | D:9      | HP: 10/75 [something/magic dart (2)]
 10229 | D:9      | HP: 4/75 [orc warrior/+0 hand axe (6)]
 10752 | D:9      | Noticed a two-headed ogre
 10775 | D:9      | Killed a two-headed ogre
 10776 | D:9      | Reached skill level 13 in Invocations
 10816 | D:9      | Killed a deep elf pyromancer
 11075 | D:9      | Noticed a two-headed ogre
 11088 | D:9      | Killed a two-headed ogre
 11089 | D:9      | Reached skill level 14 in Invocations
 11132 | D:9      | Found a staircase to the Lair.
 11511 | D:10     | Entered Level 10 of the Dungeon
 11533 | D:10     | Found a blossoming altar of Fedhas.
 11726 | D:10     | Identified the +9 fustibalus "Omafeak" {flame, rPois Dex+3}
                  | (Okawaru gifted it to you on level 10 of the Dungeon)
 11726 | D:10     | Received a gift from Okawaru
 11980 | D:10     | Noticed a two-headed ogre
 12014 | D:10     | Killed a two-headed ogre
 12015 | D:10     | Reached skill level 15 in Invocations
 12149 | D:10     | HP: 18/75 [poisoned by a kobold brigand (curare-tipped
                  | dart)]
 12394 | Lair:1   | Entered Level 1 of the Lair of Beasts
 12421 | Lair:1   | Reached skill level 4 in Fighting
 12428 | Lair:1   | Reached XP level 12. HP: 53/84 MP: 23/23
 12432 | Lair:1   | Reached skill level 4 in Shields
 12533 | Lair:1   | Reached skill level 5 in Fighting
 12710 | Lair:1   | HP: 21/86 [poisoned by a cane toad]
 12714 | Lair:1   | Reached skill level 5 in Shields
 12715 | Lair:1   | HP: 9/86 [poisoned by a cane toad]
 12722 | Lair:1   | HP: 7/86 [komodo dragon (23)]
 12801 | Lair:1   | Found a shadowy altar of Dithmenos.
 12821 | Lair:1   | HP: 20/87 [cane toad (17)]
 12834 | Lair:1   | Received a gift from Okawaru
 12835 | Lair:1   | Reached skill level 6 in Fighting
 13655 | Lair:1   | Reached skill level 6 in Shields
 13829 | Lair:2   | Reached skill level 7 in Fighting
 13840 | Lair:2   | HP: 22/91 [basilisk (12)]
 13978 | Lair:2   | Received a gift from Okawaru
 14248 | Lair:2   | Reached skill level 7 in Shields
 14307 | Lair:2   | Found a hole to the Spider Nest.
 14521 | Lair:2   | Reached skill level 8 in Fighting
 14784 | Lair:3   | Noticed a death yak
 14784 | Lair:3   | Noticed a death yak
 14785 | Lair:3   | Noticed a death yak
 14787 | Lair:2   | Upgraded the game from 0.29-a0-364-g921d912d32 to
                  | 0.29-a0-369-gd956c00756
 14788 | Lair:3   | Noticed a death yak
 14813 | Lair:2   | Killed a death yak
 14840 | Lair:3   | Noticed a death yak
 14860 | Lair:3   | Noticed a death yak
 14862 | Lair:3   | Noticed a death yak
 14895 | Lair:2   | Killed a death yak
 14896 | Lair:2   | Reached skill level 8 in Shields
 14913 | Lair:2   | Killed a death yak
 14914 | Lair:2   | Reached skill level 9 in Fighting
 14986 | Lair:3   | Killed a death yak
 14987 | Lair:3   | Reached XP level 13. HP: 78/101 MP: 24/24
 15230 | Lair:3   | Reached skill level 10 in Fighting
 15240 | Lair:3   | Found a staircase to the Swamp.
 15378 | Lair:3   | Received a gift from Okawaru
 15403 | Lair:3   | Reached skill level 9 in Dodging
 15770 | Lair:3   | Reached skill level 10 in Dodging
 16204 | Lair:4   | You fall into a shaft and drop 1 floor!
 16517 | Lair:4   | Identified the +0 helmet of Okawaru's Favour {rElec rC+
                  | Str-4 Stlth+} (Okawaru gifted it to you on level 4 of the
                  | Lair of Beasts)
 16517 | Lair:4   | Received a gift from Okawaru
 17470 | Lair:5   | Identified the +8 arbalest of Dithrah {elec, Fragile rF-
                  | rC+ rN++}
 17501 | Lair:5   | Reached skill level 11 in Dodging
 17820 | Lair:5   | Reached skill level 15 in Polearms
 18137 | Lair:5   | Reached skill level 11 in Fighting
 18325 | Lair:6   | Entered Level 6 of the Lair of Beasts
 18325 | Lair:6   | Found a staircase to the Slime Pits.
 18477 | Lair:5   | Reached XP level 14. HP: 104/113 MP: 25/25
 18709 | Lair:6   | Reached skill level 12 in Dodging
 19224 | Lair:6   | Reached skill level 16 in Invocations
 19322 | Lair:6   | Received a gift from Okawaru
 19453 | Lair:6   | Reached skill level 13 in Dodging
 19629 | Lair:6   | Found a corrupted altar of Lugonu.
 19629 | Lair:6   | Found a one-way gate to the infinite horrors of the Abyss.
 20247 | D:11     | Noticed Urug
 20247 | D:11     | Noticed Fannar
 20296 | D:11     | Killed Fannar
 20302 | D:11     | HP: 28/114 [boulder beetle (9)]
 20305 | D:11     | HP: 1/114 [boulder beetle (22)]
 20459 | D:11     | Found Wimoc's Assorted Antiques.
 20501 | D:10     | Reached skill level 1 in Evocations
 20685 | D:11     | Reached skill level 12 in Fighting
 20685 | D:11     | Reached skill level 16 in Polearms
 20691 | D:11     | Reached skill level 2 in Evocations
 20857 | D:10     | Killed Urug
 20858 | D:10     | Reached skill level 14 in Dodging
 21085 | D:11     | Found a staircase to the Orcish Mines.
 21106 | D:11     | Reached skill level 3 in Evocations
 21330 | D:11     | Found Diturgh's General Store.
 21338 | D:11     | Found Nuytaig's Magic Scroll Shoppe.
 21563 | D:11     | Found a burning altar of Makhleb.
 21935 | D:12     | Identified the +2 hat of the Mackerel {Rampage} (Okawaru
                  | gifted it to you on level 12 of the Dungeon)
 21935 | D:12     | Received a gift from Okawaru
 22093 | D:12     | Reached XP level 15. HP: 121/121 MP: 27/27
 22326 | D:12     | Reached skill level 4 in Evocations
 22346 | D:12     | Found a shadowy altar of Dithmenos.
 22641 | D:13     | Identified the +8 quarterstaff "Daka" {freeze, rElec rN+
                  | Str+3}
 22837 | D:13     | Reached skill level 5 in Evocations
 22927 | D:13     | Reached skill level 3 in Armour
 23330 | D:13     | Reached skill level 6 in Evocations
 23395 | D:13     | Found a gate to the Vaults.
 23526 | Orc:1    | Entered Level 1 of the Orcish Mines
 23686 | Orc:2    | Entered Level 2 of the Orcish Mines
 23705 | Orc:2    | Found a staircase to the Elven Halls.
 24410 | Orc:2    | Found Jegoi's Assorted Antiques.
 24438 | Orc:2    | Bought a spiked chain mail for 228 gold pieces
 24438 | Orc:2    | Identified the +6 chain mail of the Stallion {+Blink rN+++
                  | Int-3 Slay-4} (You bought it in a shop on level 2 of the
                  | Orcish Mines)
 24569 | Orc:2    | Reached skill level 13 in Fighting
 24577 | Orc:2    | Reached skill level 7 in Evocations
 24608 | Orc:2    | Found Fuan's Book Boutique.
 24609 | Orc:2    | Found Detsaepp's Weapon Shop.
 24610 | Orc:2    | Found Vestromme's Weapon Shop.
 24616 | Orc:2    | Found Gostraajiod's Weapon Boutique.
 24636 | Orc:2    | Reached ****** piety under Okawaru
 25411 | D:14     | Received a gift from Okawaru
 25449 | D:14     | Reached skill level 4 in Armour
 25903 | D:14     | HP: 28/124 [skeletal warrior/+0 halberd[a skeletal warrior]
                  | (6)]
 25927 | D:14     | Reached skill level 8 in Evocations
 26064 | D:14     | Reached skill level 9 in Shields
 26095 | D:14     | Found a portal to a secret trove of treasure.
 26333 | D:14     | Noticed Frances
 26335 | Arena    | Entered the Arena
 26351 | Arena    | Killed Frances
 26352 | Arena    | Reached XP level 16. HP: 77/131 MP: 20/28
 26465 | D:14     | Noticed Rupert
 26763 | D:15     | Entered Level 15 of the Dungeon
 26857 | D:15     | Noticed Agnes
 26867 | D:15     | HP: 10/131 [centaur warrior/arrow (23)]
 27030 | D:14     | Killed Agnes
 27086 | D:15     | Identified the +1 chain mail "Hung" {rC+ MP+9 Str+4}
                  | (Okawaru gifted it to you on level 15 of the Dungeon)
 27086 | D:15     | Received a gift from Okawaru
 27338 | D:15     | Found a staircase to the Depths.
 27436 | D:15     | Found a burning altar of Makhleb.
 27731 | Elf:1    | Entered Level 1 of the Elven Halls
 27734 | Elf:1    | Reached skill level 9 in Evocations
 27868 | Elf:1    | Reached skill level 5 in Armour
 28038 | Elf:1    | HP: 21/132 [deep elf annihilator/crystal spear[a deep elf
                  | high priest] (57)]
 28044 | Elf:1    | HP: 11/132 [deep elf annihilator/bolt of lightning[a deep
                  | elf high priest] (15)]
 28422 | D:6      | Killed sokol815's ghost
 29000 | Spider:1 | Entered Level 1 of the Spider Nest
 29003 | Spider:1 | Noticed Jorgrun
 29023 | Arena    | Entered the Arena
 29037 | Arena    | Killed Jorgrun
 29437 | D:14     | You paid a toll of 6 scrolls of fog to enter a treasure
                  | trove
 29438 | Trove    | Entered a treasure trove
 29460 | Trove    | Found the +5 sword of Power {vorpal}
 29477 | Trove    | Identified the +1 trident of Meuvaoj {freeze, rC+}
 29506 | Trove    | Identified the +7 spear "Zisk" {freeze, Str+4 SInv}
 29801 | Spider:1 | Reached skill level 14 in Fighting
 29801 | Spider:1 | Reached skill level 10 in Evocations
 29803 | Spider:1 | Noticed Donald
 29831 | Spider:1 | Killed Donald
 29958 | Spider:1 | Reached skill level 10 in Shields
 30278 | Spider:1 | Reached skill level 1 in Stealth
 30528 | Spider:1 | Reached skill level 2 in Stealth
 30880 | Spider:1 | Reached skill level 3 in Stealth
 30928 | Spider:1 | Reached skill level 6 in Armour
 30984 | Spider:1 | Identified a scroll of acquirement
 30995 | Spider:1 | Acquired 1040 gold pieces
 31576 | Spider:2 | Reached skill level 4 in Stealth
 31628 | Spider:2 | Reached XP level 17. HP: 128/140 MP: 0/29
 31886 | Spider:2 | Identified the +5 flail of Defilement {speed, Dex+5}
 32250 | Spider:2 | Reached skill level 5 in Stealth
 32283 | Spider:2 | Received a gift from Okawaru
 32290 | Spider:2 | Reached skill level 11 in Shields
 33039 | Spider:2 | Reached skill level 15 in Fighting
 33155 | Spider:3 | Received a gift from Okawaru
 33209 | Spider:3 | Reached skill level 6 in Stealth
 33250 | Spider:3 | Identified the +0 pair of gloves "Fiwyqit" {-Cast rN+
                  | Str+4}
 33250 | Spider:3 | Noticed Nikola
 33809 | Spider:3 | Reached skill level 7 in Armour
 34119 | Spider:3 | Killed Nikola
 34320 | Spider:4 | Entered Level 4 of the Spider Nest
 34745 | Spider:3 | HP: 26/142 [broodmother (12)]
 34888 | Spider:3 | Reached skill level 12 in Shields
 34992 | Spider:3 | Reached skill level 7 in Stealth
 35158 | Spider:3 | HP: 35/142 [poisoned by a redback]
 35163 | Spider:3 | HP: 34/142 [poisoned by a redback]
 35498 | Spider:4 | HP: 32/142 [poisoned by a redback]
 35503 | Spider:4 | HP: 26/142 [poisoned by a redback]
 35938 | Spider:4 | Received a gift from Okawaru
 36079 | Spider:4 | Noticed Bai Suzhen
 36102 | Arena    | Entered the Arena
 36109 | Arena    | HP: 32/142 [translucent unnaturally hard rock wall
                  | collision (13)]
 36118 | Arena    | HP: 25/142 [Bai Suzhen (11)]
 36119 | Arena    | Killed Bai Suzhen
 36120 | Arena    | Reached XP level 18. HP: 27/150 MP: 18/30
 36978 | Spider:3 | Reached skill level 8 in Stealth
 37243 | Spider:4 | HP: 37/151 [steelbarb worm (12)]
 37248 | Spider:4 | HP: 34/151 [ghost moth[a torpor snail] (1)]
 37512 | Spider:4 | Reached skill level 13 in Shields
 37902 | Spider:4 | Got a gossamer rune of Zot
 38340 | Swamp:1  | Entered Level 1 of the Swamp
 38635 | Swamp:1  | HP: 31/148 [alligator (10)]
 38910 | Swamp:1  | Reached skill level 16 in Fighting
 38927 | Swamp:1  | Noticed Roxanne
 39090 | Swamp:2  | Noticed Louise
 39187 | Swamp:2  | Identified the +6 tower shield of Disaster {Harm *Slow rN+
                  | Regen+} (Okawaru gifted it to you on level 2 of the Swamp)
 39187 | Swamp:2  | Received a gift from Okawaru
 39197 | Swamp:2  | Noticed Aizul
 39200 | Swamp:2  | Reached skill level 8 in Armour
 39230 | Swamp:2  | HP: 25/151 [eleionoma/spray of wooden splinters (24)]
 39235 | Swamp:2  | HP: 17/151 [poisoned by Aizul (bolt of poison)]
 39237 | Swamp:2  | HP: 7/151 [poisoned by Aizul (bolt of poison)]
 39237 | Swamp:2  | Splashed by a goliath frog's acid

Illustrated notes

Levels and vault maps discovered:
D:1:      ncdulo_halloftheorcs, layout_rooms
D:2:      minmay_inner_zag, layout_loops_cross, shapermc_ecumenical_altar_venn,
          serial_forest, infiniplex_forest_straight_2,
          infiniplex_forest_side_room, infiniplex_forest_lined_corner,
          infiniplex_forest_lined_room_2, infiniplex_forest_lined_ring,
          infiniplex_forest_end_double, infiniplex_forest_straight_2,
          infiniplex_forest_corner_2, infiniplex_forest_pool,
          infiniplex_forest_clump_C
D:3:      layout_basic, amcnicky_altar_gilded, mainiacjoe_overflow_tiny_flanked,
          gup_sewer_entry_bubbles
D:4:      layout_cave_pools, evilmike_ruin_ashenzari, old_standard_altar,
          minmay_temple_entry_large_hall
D:5:      layout_loops_ring, kennysheep_small_spiral,
          nicolae_shop_overcharged_wands
D:6:      layout_basic, nicolae_hepliaklqana_monster_ancestors,
          mainiacjoe_overflow_small_starburst, tso_altar, serial_shops,
          nicolae_diamond_shop, gammafunk_ghost_arena
D:7:      layout_loops_corners, minivault_23
D:8:      cheibrodos_helix_gallery, layout_loops_cross,
          nicolae_gozag_seed_capital, minmay_misc_feat_room
D:9:      cheibrodos_ideogram_h, layout_stronghold, lair_entry_dummy,
          serial_column_ruins, column_ruins_columns_straight,
          column_ruins_grid_1, column_ruins_open_tiny, column_ruins_grid_2
D:10:     layout_basic, fedhas_altar_2, st_stairs_9, wad_dig_loot
D:11:     minmay_bloctagon, layout_basic, serial_shops,
          nicolae_shop_hallway_stairs, nicolae_shop_statue_plus, shop,
          demons_altar, uniq_fannar, uniq_urug
D:12:     layout_loops_cross, chequers_serial_rivers_micro_d,
          grunt_dithmenos_shadows
D:13:     layout_cave_pools, grunt_vaults_entry_fortified
D:14:     layout_stronghold, trove_entry_hex_spiral, serial_park_avenue1,
          uniq_rupert, uniq_frances
D:15:     grunt_enter_depths_hoard, layout_rooms, dreamdust_wishing_well,
          kennysheep_flooded_box, uniq_agnes
Temple:   cyrus_circular_temple
Lair:1:   layout_long_grid, basic_altar, roderic_batcave,
          minmay_lair_oklob_items, infiniplex_staircase_pool_2
Lair:2:   layout_loops_ring, hellmonk_spider_entry_life_and_decay,
          beast_lair_carwin_11
Lair:3:   layout_gridlike, minmay_swamp_entry_worms, beast_lair_carwin_7,
          lemuel_fruit_tree
Lair:4:   layout_cave_pods
Lair:5:   layout_long_grid
Lair:6:   hellmonk_lair_end_abyssal_woods, layout_concentric_octagons,
          minmay_slime_entry_oklob_open, st_stairs_7
Swamp:1:  layout_basic_swamp, hangedman_swamp_cone, uniq_roxanne
Swamp:2:  layout_basic_swamp, infiniplex_staircase_pool, uniq_aizul,
          uniq_louise, uniq_kirke
Spider:1: layout_chambers, nicolae_spider_scorpion_nest,
          hangedman_spider_tarantella_strand, uniq_jorgrun, uniq_donald
Spider:2: layout_spider_delve, drop_trap
Spider:3: layout_spider_delve, drop_trap, guppyfry_spider_mini_2, uniq_nikola
Spider:4: grunt_spider_rune_parallel, drop_trap, guppyfry_spider_mini_1,
          uniq_bai_suzhen
Orc:1:    layout_caves
Orc:2:    st_orc_mages, layout_diamond_mine, serial_shops,
          nicolae_shop_advertising_works [nicolae_subvault_shop_adworks]
Elf:1:    minmay_elf_arrival_summoners, layout_loops_corners,
          minmay_elf_annihilation

Skill      XL: |  1  2  3  4  5  6  7  8  9 10 11 12 13 14 15 16 17 18 |
---------------+-------------------------------------------------------+-----
Polearms       | 3 4 5 6 8 9 11 12 14 15 16 | 16.1
Invocations    | 3 6 8 11 15 16 | 16.4
Dodging        | 6 8 11 14 | 14.4
Fighting       | 4 9 11 12 13 14 15 16 | 16.0
Shields        | 8 9 10 12 13 | 13.4
Evocations     | 3 8 10 | 10.0
Armour         | 4 6 7 8 |  8.0
Stealth        | 4 7 8 |  8.9

Action                   |  1- 3 |  4- 6 |  7- 9 | 10-12 | 13-15 | 16-18 || total
-------------------------+-------+-------+-------+-------+-------+-------++-------
Melee: Trident           |   157 |   183 |   489 |  1158 |  2158 |   342 ||  4487
       Tailslap          |       |     2 |       |    32 |    28 |     9 ||    71
       Spear             |       |       |       |       |    18 |   255 ||   273
       Demon trident     |       |       |       |       |       |  1248 ||  1248
 Fire: Fustibalus        |       |       |       |       |    35 |    26 ||    61
Throw: Stone             |     3 |       |       |       |    10 |       ||    13
       Boomerang         |       |       |       |       |       |    18 ||    18
Invok: Heroism           |       |       |     1 |    27 |    52 |    47 ||   127
       Finesse           |       |       |       |       |     1 |     3 ||     4
       Duel              |       |       |       |       |     1 |     2 ||     3
Evoke: Wand              |       |       |       |     5 |    35 |    26 ||    66
  Use: Scroll            |     4 |     3 |     8 |     4 |    17 |     8 ||    44
       Potion            |       |     1 |     2 |    13 |     4 |     7 ||    27
 Stab: Distracted        |       |       |       |     1 |     7 |     8 ||    16
       Sleeping          |       |       |       |     1 |    20 |    18 ||    39
       Paralysed         |       |       |       |     1 |       |       ||     1
       Invisible         |       |       |       |       |       |     7 ||     7
       Held in net/web   |       |       |       |       |       |     2 ||     2
Armor: Scale mail        |    56 |    90 |   187 |    72 |       |       ||   405
       Skin              |       |       |       |    45 |       |       ||    45
       Troll leather arm |       |       |       |   174 |   341 |   414 ||   929
Dodge: Dodged            |    46 |    70 |   169 |   534 |  1050 |  1152 ||  3021
Block: Buckler           |    24 |    41 |    80 |   215 |   415 |       ||   775
       Kite shield       |       |       |       |       |   215 |   581 ||   796
       Tower shield      |       |       |       |       |       |  1022 ||  1022

Table legend: (Time is in decaauts)
 A = Elapsed time spent in this place.
 B = Non-inter-level travel time spent in this place.
 C = Inter-level travel time spent in this place.
 D = Time resting spent in this place.
 E = Time spent auto-exploring this place.
 F = Levels seen in this place.
 G = Mean time per level.
                   A        B        C        D        E       F      G
               +--------+--------+--------+--------+--------+-----+--------+
         Total |  37272 |  33996 |   3276 |   7327 |  17390 |  36 | 1035.3 |
       Dungeon |  17765 |  16246 |   1519 |   3302 |   9013 |  15 | 1184.3 |
        Temple |     62 |     49 |     13 |      0 |     42 |   1 |   62.0 |
          Lair |   7833 |   6885 |    948 |    951 |   4098 |   6 | 1305.5 |
         Swamp |    724 |    674 |     50 |    134 |    353 |   2 |  362.0 |
   Spider Nest |   8206 |   7710 |    496 |   2602 |   2656 |   4 | 2051.5 |
  Orcish Mines |   1855 |   1608 |    247 |     87 |    958 |   2 |  927.5 |
   Elven Halls |    315 |    315 |      0 |     58 |    100 |   1 |  315.0 |
         Trove |    100 |    100 |      0 |      0 |     44 |   1 |  100.0 |
         Sewer |    339 |    339 |      0 |    162 |    126 |   1 |  339.0 |
         Arena |     70 |     70 |      0 |     30 |      0 |   3 |   23.3 |
               +--------+--------+--------+--------+--------+-----+--------+

Top non-repeatable levels by time:
Spider:3: 2403 daAuts
Spider:4: 2121 daAuts
Spider:1: 2098 daAuts
     D:7: 1808 daAuts
Spider:2: 1583 daAuts
     D:9: 1574 daAuts
    D:14: 1524 daAuts
     D:6: 1474 daAuts
  Lair:6: 1454 daAuts
  Lair:2: 1445 daAuts
  Lair:1: 1406 daAuts
     D:8: 1386 daAuts
    D:11: 1335 daAuts
     D:5: 1313 daAuts
    D:10: 1253 daAuts

Table legend:
 A = Kills in this place as a percentage of kills in entire the game.
 B = Kills by you in this place as a percentage of kills by you in the entire game.
 C = Kills by friends in this place as a percentage of kills by friends in the entire game.
 D = Other kills in this place as a percentage of other kills in the entire game.
 E = Experience gained in this place as a percentage of experience gained in the entire game.
 F = Experience gained in this place divided by the number of levels of this place that you have seen.
                   A       B       C       D       E      F
               +-------+-------+-------+-------+-------+----------------------
         Total | 100.0 | 100.0 |   N/A |   N/A | 100.0 | 7636.2
       Dungeon |  40.6 |  40.6 |   N/A |   N/A |  27.6 | 5060.2
          Lair |  18.8 |  18.8 |   N/A |   N/A |  19.7 | 9024.2
         Swamp |   2.2 |   2.2 |   N/A |   N/A |   4.1 | 5638.0
   Spider Nest |  23.6 |  23.6 |   N/A |   N/A |  39.2 | 26950.5
  Orcish Mines |  12.5 |  12.5 |   N/A |   N/A |   4.2 | 5709.0
   Elven Halls |   1.4 |   1.4 |   N/A |   N/A |   3.0 | 8259.0
         Sewer |   0.6 |   0.6 |   N/A |   N/A |   0.1 | 151.0
         Arena |   0.3 |   0.3 |   N/A |   N/A |   2.2 | 1982.7
               +-------+-------+-------+-------+-------+----------------------
